 Dungeon Sprint DCSS version 0.29-a0-802-g34511f41fd (webtiles) character file.

Game seed: 7506109894661437071

2654 Hipnos the Imperceptible (level 9, -1/41 HPs)
             Began as a Spriggan Enchanter on July 3, 2022.
             Was a Follower of Vehumet.
             Slain by a hornet (6 damage)
             ... while paralysed by a hornet
             ... in the Dungeon (Sprint II: "The Violet Keep of Menkaure").
             The game lasted 00:06:15 (520 turns).

Hipnos the Imperceptible (Spriggan Enchanter)        Turns: 520, Time: 00:06:16

Health: -1/41      AC:  5    Str:  4    XL:     9   Next: 36%
Magic:  19/23      EV:  4    Int: 21    God:    Vehumet [*.....]
Gold:   383        SH:  0    Dex: 15    Spells: 15/26 levels left

rFire   . . .      SeeInvis +   h - +2 dagger (elec)
rCold   . . .      Faith    .   (no shield)
rNeg    . . .      Spirit   .   j - +1 troll leather armour
rPois   .          Reflect  .   (helmet restricted)
rElec   .          Harm     .   (no cloak)
rCorr   .          Rampage  .   (gloves unavailable)
Will    +....      NoTele   +   (boots unavailable)
Stlth   ++++++++..              (no amulet)
HPRegen 0.93/turn               (no ring)
MPRegen 0.18/turn               (no ring)

@: paralysed, confusing by touch, slowed, very quick
A: very small, no large weapons, unfitting armour, see invisible, speed 3
a: Renounce Religion


You were in the Dungeon.
You worshipped Vehumet.
Vehumet was aware of your devotion.
You visited 1 branch You collected 972 gold pieces.
You spent 589 gold pieces at shops.

Inventory:

Hand Weapons
 a - a +1 dagger
 h - a +2 dagger of electrocution (weapon)
Armour
 b - a +0 robe
 j - a +1 troll leather armour (worn)
Scrolls
 i - a scroll of blinking
Potions
 c - 2 potions of invisibility
 d - a potion of curing
 e - 2 potions of heal wounds
 f - a potion of haste
 g - 2 potions of magic


   Skills:
 + Level 1.3 Fighting
 * Level 9.6 Short Blades
 + Level 0.5 Armour
 + Level 5.9 Dodging
 * Level 23.4 Stealth
 + Level 9.2 Spellcasting
 + Level 11.0 Hexes
 + Level 0.4 Ice Magic


You had 15 spell levels left.
You knew the following spells:

 Your Spells              Type           Power      Damage    Failure   Level
a - Confusing Touch       Hex            54%        N/A       1%          3
b - Tukima's Dance        Hex            54%        N/A       1%          3
c - Ensorcelled Hibernat  Hex/Ice        66%        N/A       1%          2
d - Dazzling Flash        Conj/Hex       64%        N/A       4%          3

Your spell library contained the following spells:

 Spells                   Type           Power      Damage    Failure   Level
 Sandblast                Erth           18%        2d7       13%         1


Dungeon Overview and Level Annotations

Branches:
Dungeon (1/1)

Altars:
Cheibriados
Dithmenos
Elyvilon
Fedhas
Gozag
Hepliaklqana
Kikubaaqudgha
Makhleb
Nemelex Xobeh
Okawaru
Qazlal
Ru
Sif Muna
Trog
Uskayaw
Vehumet
Wu Jian
Xom
Yredelemnul
Zin
The Shining One
Jiyva
Lugonu

Shops:
D ![:?*!:=[?(=[=[

Annotations:
D exclusions: obsidian statue and oklob plant, Roxanne


Innate Abilities, Weirdness & Mutations

You are very small and have problems with some larger weapons.
You are too small for most types of armour.
You have supernaturally acute eyesight. (SInv)
You cover ground extremely quickly. (Speed+++)


Message History

You perforate the polar bear like a sieve!!!!!
You kill the polar bear!
Vehumet accepts your kill.
Your Stealth skill increases to level 22!
The helpless polar bear fails to defend itself.
You skewer the polar bear like a kebab!!!!!
You kill the polar bear!
Vehumet accepts your kill.
The helpless polar bear fails to defend itself.
You skewer the polar bear like a kebab!!!!!
Lightning courses through the polar bear!
You kill the polar bear!
Vehumet accepts your kill.
You can now gain magical power from killing.
Vehumet offers you knowledge of Sandblast.
The yaktaur shouts!
The hornet buzzes angrily.
Your Stealth skill increases to level 23!
Your Spellcasting skill increases to level 9!
Your Hexes skill increases to level 11!
Casting: Ensorcelled Hibernation (safe; 1% risk of failure)
Confirm with . or Enter, or press ? or * to list all spells.
Aiming: Tukima's Dance (safe; 1% risk of failure)
Press: ? - help, Shift-Dir - straight line, f - hornet
Aim: a hornet (not susceptible)
Okay, then.
Casting: Tukima's Dance (safe; 1% risk of failure)
Confirm with . or Enter, or press ? or * to list all spells.
Your hands begin to glow red.
The hornet misses you. The hornet closely misses you.
The yaktaur completely misses you.
You hit the yaktaur but do no damage. The hornet closely misses you.
You hit the yaktaur but do no damage. The yaktaur hits you!
The hornet stings you!
You suddenly lose the ability to move!
The hornet stings you.
You feel yourself slow down. The yaktaur hits you. The hornet stings you!
* * * LOW HITPOINT WARNING * * *
You feel as though you will be slow longer.
The yaktaur hits you.
* * * LOW HITPOINT WARNING * * *
The hornet stings you.
You die...

≈§ +++## ....# ##..# #.
.## ## +.### ..# .#
...#### .### ..## #..##$#
###†##..# +..#cy# ?!
####.#..# #..#.@# $[?
.'.##+..####..##.#▓$?[
##...#....###...##▓▓▓▓▓
###.##......≈≈≈≈≈≈≈≈≈≈≈≈
.####≈≈.§§§.≈#'########+#
#.#≈≈≈≈≈≈§..≈#._._._..#≈§
.##≈≈≈≈≈≈§≈.≈#.._._._.#≈≈
##≈≈≈≈§≈§§≈≈≈#._._._._#§≈
≈≈≈≈≈≈≈≈§§≈≈≈#_._._._.#≈§


You could see a yaktaur and a hornet.

Vanquished Creatures
  2 boulder beetles (D)
  3 polar bears (D)
  A blink frog (D)
  2 wyverns (D)
  Menkaure (D)
  4 necrophages (D)
  3 worms (D)
16 creatures vanquished.

Vanquished Creatures (others)
  A water moccasin (D)
1 creature vanquished.

Grand Total: 17 creatures vanquished

Notes
Turn   | Place    | Note
-------+----------+-------------------------------------------
     0 | D        | Hipnos the Spriggan Enchanter began the quest for the Orb.
     0 | D        | Reached XP level 1. HP: 9/9 MP: 5/5
     1 | D        | Noticed a boulder beetle
     1 | D        | Noticed a boulder beetle
     4 | D        | Noticed a necrophage
     4 | D        | Noticed a necrophage
     4 | D        | Noticed a necrophage
     4 | D        | Noticed a necrophage
    10 | D        | Killed a necrophage
    11 | D        | Reached skill level 8 in Stealth
    11 | D        | Reached skill level 5 in Hexes
    11 | D        | Reached XP level 2. HP: 13/13 MP: 5/7
    11 | D        | Reached XP level 3. HP: 16/16 MP: 6/9
    16 | D        | Killed a necrophage
    17 | D        | Reached skill level 10 in Stealth
    17 | D        | Reached XP level 4. HP: 21/21 MP: 6/11
    21 | D        | Killed a necrophage
    22 | D        | Reached skill level 11 in Stealth
    22 | D        | Reached skill level 5 in Spellcasting
    22 | D        | Reached XP level 5. HP: 24/24 MP: 6/13
    44 | D        | Killed a water moccasin
    63 | D        | Learned a level 3 spell: Confusing Touch
    67 | D        | Learned a level 3 spell: Tukima's Dance
    70 | D        | Learned a level 2 spell: Ensorcelled Hibernation
    74 | D        | Learned a level 3 spell: Dazzling Flash
    88 | D        | Reached skill level 5 in Short Blades
    88 | D        | Reached skill level 12 in Stealth
   195 | D        | Noticed a wyvern
   195 | D        | Noticed a wyvern
   201 | D        | Killed a wyvern
   202 | D        | Reached skill level 5 in Dodging
   202 | D        | Reached skill level 14 in Stealth
   202 | D        | Reached XP level 6. HP: 29/29 MP: 10/15
   206 | D        | Killed a wyvern
   207 | D        | Reached skill level 15 in Stealth
   207 | D        | Reached XP level 7. HP: 32/32 MP: 8/17
   284 | D        | Identified Roxanne's Incunabulum of Moulding
   284 | D        | Noticed Roxanne
   286 | D        | Noticed Menkaure
   287 | D        | Found Appycano's Jewellery Boutique.
   295 | D        | Found Sanustre's Jewellery Shop.
   295 | D        | Found Xoik's Antique Armour Boutique.
   297 | D        | Found Eteshog's Magic Scroll Boutique.
   297 | D        | Found Ucepahi's Antique Weapon Shop.
   298 | D        | Killed Menkaure
   299 | D        | Reached skill level 16 in Stealth
   299 | D        | Found Loettika's Jewellery Shop.
   299 | D        | Found Untoidd's Antique Armour Boutique.
   299 | D        | Found Ahoekkeiq's Antique Armour Shop.
   301 | D        | Found Kainen's Distillery.
   301 | D        | Found Foet's Book Shop.
   301 | D        | Noticed a manticore
   309 | D        | Found Xubbotuu's Assorted Antiques.
   309 | D        | Found Guoss's Magic Scroll Boutique.
   309 | D        | Noticed a manticore
   309 | D        | Noticed a manticore
   309 | D        | Noticed an oklob plant
   310 | D        | Found Kutoal's Antique Armour Shop.
   310 | D        | Found Muxkek's Distillery.
   310 | D        | Found Axipiy's Book Shoppe.
   313 | D        | Noticed a yak
   313 | D        | Noticed a yak
   317 | D        | Bought a glowing dagger for 115 gold pieces
   323 | D        | Noticed a shining eye
   325 | D        | Bought a potion of heal wounds for 60 gold pieces
   326 | D        | Noticed a shining eye
   331 | D        | Noticed a shining eye
   332 | D        | Noticed a yak
   333 | D        | Bought a glowing troll leather armour for 414 gold pieces
   356 | D        | Noticed a blink frog
   358 | D        | Killed a blink frog
   359 | D        | Reached skill level 1 in Fighting
   359 | D        | Reached skill level 17 in Stealth
   380 | D        | Killed a boulder beetle
   381 | D        | Reached skill level 20 in Stealth
   381 | D        | Reached skill level 10 in Hexes
   381 | D        | Reached XP level 8. HP: 37/37 MP: 16/20
   395 | D        | Killed a boulder beetle
   396 | D        | Reached skill level 21 in Stealth
   396 | D        | Reached XP level 9. HP: 41/41 MP: 13/22
   457 | D        | Noticed an obsidian statue
   468 | D        | Found a glowing silver altar of Zin.
   468 | D        | Found a radiant altar of Vehumet.
   469 | D        | Found a basalt altar of Yredelemnul.
   469 | D        | Found a hide-covered altar of Uskayaw.
   469 | D        | Found a sparkling altar of Nemelex Xobeh.
   469 | D        | Found a glowing golden altar of the Shining One.
   469 | D        | Found an iron altar of Okawaru.
   470 | D        | Found a shimmering altar of Xom.
   470 | D        | Found a bloodstained altar of Trog.
   470 | D        | Found a burning altar of Makhleb.
   470 | D        | Found an opulent altar of Gozag.
   471 | D        | Found an ornate altar of the Wu Jian Council.
   471 | D        | Found a shimmering blue altar of Sif Muna.
   471 | D        | Found a corrupted altar of Lugonu.
   471 | D        | Found a blossoming altar of Fedhas.
   472 | D        | Found a sacrificial altar of Ru.
   472 | D        | Found an ancient bone altar of Kikubaaqudgha.
   472 | D        | Found a white marble altar of Elyvilon.
   473 | D        | Found a stormy altar of Qazlal.
   473 | D        | Found a viscous altar of Jiyva.
   473 | D        | Found a shadowy altar of Dithmenos.
   486 | D        | Found a hazy altar of Hepliaklqana.
   486 | D        | Found a snail-covered altar of Cheibriados.
   488 | D        | Noticed a polar bear
   489 | D        | Noticed a yaktaur
   500 | D        | Became a worshipper of Vehumet
   511 | D        | Noticed a polar bear
   511 | D        | Noticed a polar bear
   512 | D        | Killed a polar bear
   513 | D        | Reached skill level 22 in Stealth
   513 | D        | Killed a polar bear
   515 | D        | Killed a polar bear
   515 | D        | Reached * piety under Vehumet
   515 | D        | Offered knowledge of Sandblast by Vehumet.
   516 | D        | Reached skill level 23 in Stealth
   518 | D        | Paralysed by a hornet for 2 turns
   520 | D        | Slain by a hornet

Illustrated notes

Levels and vault maps discovered:
D:        the_violet_keep_of_menkaure [sprint2_stairs_cluster_1,
          sprint2_shoproom, sprint2_temple, sprint2_basic_supplies,
          sprint2_obstacle_3, sprint2_obstacle_5, sprint2_obstacle_6,
          sprint2_obstacle_4, sprint2_obstacle_1, sprint2_timed_cluster_1,
          sprint2_smallroom_cluster_1, sprint2_smallroom_final_cluster_1,
          sprint2_transparent_cluster_1, sprint2_second_timed_cluster_1,
          sprint2_sniper_area_1, sprint2_heavy_combat_area_1,
          sprint2_mutation_trap_area_1, sprint2_forest_area_1,
          sprint2_light_combat_area_1, sprint2_behind_water_1,
          sprint2_near_end_vault_1]

Skill      XL: |  1  2  3  4  5  6  7  8  9 |
---------------+----------------------------+-----
Short Blades   | 3 4 6 8 9 |  9.6
Dodging        | 3 4 5 |  5.9
Stealth        | 8 10 11 14 15 20 21 23 | 23.4
Spellcasting   | 3 4 5 6 7 8 9 |  9.2
Hexes          | 5 6 7 8 9 10 11 | 11.0
Fighting       | 1 |  1.3
Armour         | |  0.5
Ice Magic      | |  0.4

Action                   |  1- 3 |  4- 6 |  7- 9 || total
-------------------------+-------+-------+-------++-------
Melee: Dagger            |     9 |    32 |    33 ||    74
       Punch             |     1 |       |     1 ||     2
 Cast: Confusing Touch   |       |     6 |     4 ||    10
       Ensorcelled Hiber |       |       |     1 ||     1
  Use: Potion            |     1 |       |       ||     1
 Stab: Confused          |       |     6 |     4 ||    10
       Sleeping          |       |     4 |     5 ||     9
Armor: Troll leather arm |       |       |     2 ||     2
Dodge: Dodged            |     2 |    16 |     9 ||    27

Table legend: (Time is in decaauts)
 A = Elapsed time spent in this place.
 B = Non-inter-level travel time spent in this place.
 C = Inter-level travel time spent in this place.
 D = Time resting spent in this place.
 E = Time spent auto-exploring this place.
 F = Levels seen in this place.
 G = Mean time per level.
                   A        B        C        D        E       F      G
               +--------+--------+--------+--------+--------+-----+--------+
         Total |    468 |    468 |      0 |    231 |      0 |   1 |  468.0 |
       Dungeon |    468 |    468 |      0 |    231 |      0 |   1 |  468.0 |
               +--------+--------+--------+--------+--------+-----+--------+

Top non-repeatable levels by time:
       D: 468 daAuts
